[ AOE2 MATCH · #506883899 ]
UnrankedGurjaras vs Bulgarians
Player's team · WIN
[ REPLAY ANALYSIS · EXTRACTED FROM THE RECORDED GAME ]
Feudal
9:01
Castle
28:21
Imperial
44:35
| APM avg | 43.8 |
| APM peak | 88 |
| eAPM avg | 20.3 |
| Villagers / military | 124 / 102 |
Focus
⚔️ 36.5% · 🌾 63.5%
Chakram Thrower ×44 · Camel Scout ×26 · Armored Elephant ×11 · Scout Cavalry ×10 · Spearman ×7 · Trebuchet (Packed) ×2
Feudal
9:28
Castle
22:14
Imperial
41:40
| APM avg | 37.4 |
| APM peak | 98 |
| eAPM avg | 18.3 |
| Villagers / military | 121 / 129 |
Focus
⚔️ 29.2% · 🌾 70.8%
Spearman ×37 · Militia ×33 · Skirmisher ×15 · Konnik ×13 · Battering Ram ×10 · Scout Cavalry ×9
Match map
Initial resources + every placement click. Lines = walls · curves = elevation contours. ◆ gold · ⬟ stone · ● berries · ✦ relic · ◌ wall gap
Your base· ✓ Closed at 28:21 · 50t walls · 3 gate(s)
captainscubrat's base· Open — unwalled flank
Smoothed initial terrain · ◌ = detected wall gap · hover for details
Inputs per minute
— Ellis - - captainscubrat
Build order — Ellis
First 150 of 379 actions detected
| 0:00 | Queue | Villager (Male) |
| 0:02 | Build | House |
| 0:02 | Build | House |
| 0:14 | Queue | Villager (Male) |
| 0:19 | Queue | Villager (Male) |
| 0:23 | Queue | Villager (Male) |
| 0:49 | Build | Mill |
| 1:37 | Queue | Villager (Male) |
| 2:03 | Queue | Villager (Male) |
| 2:21 | Queue | Villager (Male) |
| 2:42 | Queue | Villager (Male) |
| 2:43 | Queue | Villager (Male) |
| 3:08 | Queue | Villager (Male) |
| 3:08 | Queue | Villager (Male) |
| 3:19 | Queue | Villager (Male) |
| 3:28 | Build | House |
| 4:07 | Queue | Villager (Male) |
| 4:21 | Build | Lumber Camp |
| 4:32 | Queue | Villager (Male) |
| 4:59 | Queue | Villager (Male) |
| 4:59 | Queue | Villager (Male) |
| 5:04 | Queue | Villager (Male) |
| 5:11 | Queue | Villager (Male) |
| 5:33 | Research | Loom |
| 6:51 | Research | Feudal Age |
| 6:51 | Research | Feudal Age |
| 7:42 | Build | House |
| 7:52 | Build | Barracks |
| 8:16 | Build | Palisade Wall |
| 8:17 | Build | House |
| 8:38 | Queue | Villager (Male) |
| 8:44 | Build | Palisade Gate |
| 8:52 | Build | Palisade Wall |
| 9:01 | Age | Feudal Age |
| 9:06 | Build | Stable |
| 9:09 | Research | Double-Bit Axe |
| 9:23 | Queue | Villager (Male) |
| 9:26 | Build | House |
| 9:28 | Build | Palisade Wall |
| 9:29 | Build | Palisade Wall |
| 9:38 | Build | Palisade Gate |
| 9:40 | Build | Palisade Gate |
| 9:47 | Build | Palisade Wall |
| 9:48 | Build | Palisade Wall |
| 9:51 | Queue | Scout Cavalry |
| 9:52 | Queue | Scout Cavalry |
| 9:55 | Queue | Villager (Male) |
| 10:00 | Build | Palisade Wall |
| 10:06 | Build | House |
| 10:07 | Build | House |
| 10:28 | Queue | Scout Cavalry |
| 10:30 | Queue | Villager (Male) |
| 11:00 | Build | Farm |
| 11:07 | Build | Farm |
| 11:08 | Queue | Villager (Male) |
| 11:09 | Queue | Villager (Male) |
| 11:22 | Build | Farm |
| 11:28 | Queue | Villager (Male) |
| 11:32 | Build | Farm |
| 11:34 | Build | Farm |
| 11:50 | Build | Palisade Wall |
| 12:00 | Queue | Villager (Male) |
| 12:16 | Queue | Villager (Male) |
| 12:26 | Build | Farm |
| 12:32 | Build | Farm |
| 12:33 | Build | Farm |
| 12:39 | Build | House |
| 12:41 | Build | House |
| 12:43 | Queue | Villager (Male) |
| 12:45 | Build | Farm |
| 12:48 | Build | Farm |
| 12:49 | Queue | Villager (Male) |
| 13:05 | Build | Palisade Wall |
| 13:07 | Build | Palisade Wall |
| 13:22 | Queue | Scout Cavalry |
| 13:47 | Build | Farm |
| 14:14 | Build | Farm |
| 14:28 | Queue | Villager (Male) |
| 14:52 | Queue | Villager (Male) |
| 14:54 | Build | Farm |
| 14:56 | Queue | Scout Cavalry |
| 14:56 | Queue | Scout Cavalry |
| 15:20 | Queue | Scout Cavalry |
| 15:27 | Build | Palisade Wall |
| 15:28 | Build | Palisade Wall |
| 15:30 | Build | Farm |
| 15:31 | Queue | Scout Cavalry |
| 15:31 | Queue | Scout Cavalry |
| 15:37 | Queue | Villager (Male) |
| 15:54 | Queue | Scout Cavalry |
| 16:05 | Queue | Villager (Male) |
| 16:10 | Queue | Villager (Male) |
| 16:20 | Queue | Spearman |
| 16:29 | Queue | Villager (Male) |
| 16:33 | Queue | Spearman |
| 16:53 | Build | Palisade Wall |
| 16:55 | Queue | Spearman |
| 16:56 | Queue | Villager (Male) |
| 17:01 | Research | Horse Collar |
| 17:03 | Queue | Spearman |
| 17:09 | Queue | Villager (Male) |
| 17:13 | Build | Mining Camp |
| 17:32 | Queue | Villager (Male) |
| 17:47 | Queue | Spearman |
| 17:57 | Build | Watch Tower |
| 18:01 | Build | Blacksmith |
| 18:05 | Queue | Villager (Male) |
| 18:20 | Queue | Villager (Male) |
| 18:34 | Queue | Villager (Male) |
| 18:59 | Queue | Villager (Male) |
| 19:02 | Research | Fletching |
| 19:02 | Research | Fletching |
| 19:13 | Build | Watch Tower |
| 19:16 | Queue | Villager (Male) |
| 19:22 | Build | Palisade Wall |
| 19:23 | Build | Palisade Wall |
| 19:24 | Build | House |
| 19:36 | Build | Farm |
| 19:37 | Queue | Villager (Male) |
| 19:44 | Build | Mining Camp |
| 19:54 | Research | Wheelbarrow |
| 20:20 | Build | Watch Tower |
| 20:37 | Research | Forging |
| 20:42 | Build | Farm |
| 20:51 | Queue | Villager (Male) |
| 21:06 | Queue | Spearman |
| 21:16 | Queue | Camel Scout |
| 21:16 | Queue | Camel Scout |
| 21:33 | Queue | Villager (Male) |
| 21:49 | Queue | Camel Scout |
| 21:59 | Build | House |
| 22:08 | Build | Market |
| 22:09 | Build | House |
| 22:09 | Build | House |
| 22:10 | Build | Palisade Wall |
| 22:12 | Queue | Villager (Male) |
| 22:18 | Build | Palisade Wall |
| 22:19 | Queue | Camel Scout |
| 22:27 | Queue | Villager (Male) |
| 22:39 | Build | Watch Tower |
| 22:42 | Queue | Camel Scout |
| 22:58 | Queue | Villager (Male) |
| 23:06 | Build | Palisade Wall |
| 23:11 | Queue | Villager (Male) |
| 23:13 | Build | Lumber Camp |
| 23:17 | Queue | Camel Scout |
| 23:22 | Queue | Spearman |
| 23:28 | Queue | Villager (Male) |
| 23:39 | Queue | Camel Scout |
| 23:47 | Build | Watch Tower |
Build order — captainscubrat
First 150 of 323 actions detected
| 0:01 | Queue | Villager (Male) ×4 |
| 0:02 | Build | House |
| 0:04 | Build | House |
| 1:24 | Queue | Villager (Male) |
| 1:44 | Build | Lumber Camp |
| 1:54 | Queue | Villager (Male) |
| 2:29 | Queue | Villager (Male) |
| 2:58 | Queue | Villager (Male) |
| 3:01 | Build | House |
| 3:14 | Queue | Villager (Male) |
| 3:41 | Queue | Villager (Male) |
| 3:59 | Build | Mill |
| 4:09 | Queue | Villager (Male) |
| 4:37 | Queue | Villager (Male) |
| 4:38 | Queue | Villager (Male) |
| 5:20 | Queue | Villager (Male) |
| 5:21 | Queue | Villager (Male) |
| 6:01 | Queue | Villager (Male) |
| 6:02 | Research | Loom |
| 6:25 | Build | Barracks |
| 6:36 | Build | House |
| 7:18 | Research | Feudal Age |
| 7:47 | Queue | Militia |
| 8:12 | Queue | Militia |
| 8:23 | Queue | Militia |
| 8:40 | Build | House |
| 9:07 | Queue | Villager (Male) |
| 9:28 | Age | Feudal Age |
| 9:30 | Build | Stable |
| 9:40 | Queue | Villager (Male) |
| 9:42 | Research | Double-Bit Axe |
| 9:50 | Build | Mill |
| 10:25 | Queue | Villager (Male) |
| 10:29 | Queue | Scout Cavalry |
| 10:29 | Queue | Scout Cavalry |
| 10:32 | Build | Farm |
| 10:34 | Build | Farm |
| 10:51 | Queue | Villager (Male) |
| 10:53 | Build | Farm |
| 11:01 | Queue | Villager (Male) |
| 11:04 | Queue | Scout Cavalry |
| 11:22 | Queue | Villager (Male) |
| 11:24 | Build | Farm |
| 11:34 | Queue | Scout Cavalry |
| 11:39 | Build | House |
| 11:49 | Research | Town Watch |
| 12:21 | Queue | Scout Cavalry |
| 12:28 | Queue | Villager (Male) |
| 12:31 | Build | Farm |
| 12:42 | Queue | Villager (Male) |
| 12:44 | Build | Farm |
| 12:47 | Build | Farm |
| 12:56 | Queue | Villager (Male) |
| 12:58 | Build | Farm |
| 13:00 | Build | Farm |
| 13:22 | Queue | Villager (Male) |
| 13:45 | Queue | Scout Cavalry |
| 13:46 | Queue | Villager (Male) |
| 13:51 | Build | Farm |
| 14:08 | Queue | Villager (Male) |
| 14:09 | Queue | Scout Cavalry |
| 14:15 | Queue | Villager (Male) |
| 14:21 | Build | House |
| 15:18 | Queue | Villager (Male) |
| 15:18 | Queue | Scout Cavalry |
| 15:20 | Build | Farm |
| 15:22 | Build | Farm |
| 15:29 | Queue | Villager (Male) |
| 15:32 | Build | Farm |
| 15:35 | Build | Farm |
| 15:38 | Research | Horse Collar |
| 15:42 | Build | Farm |
| 15:44 | Build | Farm |
| 15:53 | Build | Mining Camp |
| 16:16 | Queue | Villager (Male) |
| 16:20 | Queue | Villager (Male) |
| 16:20 | Research | Wheelbarrow |
| 16:31 | Queue | Scout Cavalry |
| 16:41 | Build | Palisade Wall |
| 16:47 | Build | Palisade Wall |
| 16:51 | Queue | Spearman |
| 16:56 | Build | House |
| 16:59 | Build | Palisade Wall |
| 17:12 | Queue | Villager (Male) |
| 17:16 | Queue | Spearman |
| 17:30 | Build | House |
| 17:32 | Build | House |
| 17:50 | Build | House |
| 18:14 | Queue | Villager (Male) |
| 19:10 | Build | Blacksmith |
| 19:34 | Research | Castle Age |
| 19:38 | Build | Mining Camp |
| 19:48 | Research | Bloodlines |
| 19:52 | Build | Stable |
| 19:56 | Build | Stable |
| 20:11 | Build | House |
| 20:14 | Build | Palisade Wall |
| 20:41 | Build | Mining Camp |
| 20:58 | Queue | Spearman |
| 21:21 | Build | Watch Tower |
| 21:27 | Build | House |
| 21:33 | Queue | Spearman |
| 21:47 | Build | House |
| 21:49 | Build | House |
| 22:14 | Age | Castle Age |
| 22:19 | Queue | Knight ×5 |
| 22:21 | Queue | Villager (Male) |
| 22:35 | Build | Krepost |
| 22:47 | Queue | Villager (Male) |
| 22:58 | Queue | Knight |
| 23:44 | Build | Town Center |
| 23:53 | Queue | Knight |
| 24:08 | Build | Farm |
| 24:16 | Build | Farm |
| 24:33 | Build | Farm |
| 24:35 | Build | Farm |
| 24:36 | Build | Farm |
| 24:37 | Build | Farm |
| 24:40 | Build | Farm |
| 24:49 | Build | Farm |
| 25:13 | Build | Farm |
| 25:27 | Build | Krepost |
| 25:44 | Queue | Konnik |
| 25:49 | Queue | Villager (Male) |
| 25:49 | Queue | Villager (Male) |
| 26:00 | Build | Farm |
| 26:03 | Build | Farm |
| 26:21 | Build | Krepost |
| 26:26 | Queue | Villager (Male) |
| 26:28 | Queue | Konnik |
| 26:49 | Queue | Villager (Male) |
| 26:50 | Queue | Villager (Male) |
| 26:50 | Queue | Villager (Male) |
| 27:02 | Queue | Villager (Male) |
| 27:27 | Queue | Villager (Male) |
| 27:27 | Queue | Villager (Male) |
| 27:36 | Research | Forging |
| 27:49 | Queue | Villager (Male) |
| 27:54 | Build | Lumber Camp |
| 27:59 | Research | Scale Barding Armor |
| 28:16 | Queue | Konnik |
| 28:23 | Build | Farm |
| 28:25 | Build | Farm |
| 28:37 | Research | Husbandry |
| 28:40 | Queue | Villager (Male) |
| 28:40 | Queue | Villager (Male) |
| 28:51 | Build | Town Center |
| 28:59 | Queue | Konnik |
| 28:59 | Queue | Konnik |
| 29:03 | Queue | Villager (Male) |
Match timeline
| 6:25 | captainscubrat · first_building Barracks |
| 7:52 | Ellis · first_building Barracks |
| 8:16 | Ellis · wall_segment Palisade Wall x1 |
| 8:52 | Ellis · wall_segment Palisade Wall x4 |
| 9:01 | Ellis · age_up feudal |
| 9:06 | Ellis · first_building Stable |
| 9:28 | captainscubrat · age_up feudal |
| 9:28 | Ellis · wall_segment Palisade Wall x8 |
| 9:29 | Ellis · wall_segment Palisade Wall x2 |
| 9:30 | captainscubrat · first_building Stable |
| 9:47 | Ellis · wall_segment Palisade Wall x7 |
| 9:48 | Ellis · wall_segment Palisade Wall x1 |
| 10:00 | Ellis · wall_segment Palisade Wall x2 |
| 11:50 | Ellis · wall_segment Palisade Wall x8 |
| 13:05 | Ellis · wall_segment Palisade Wall x1 |
| 13:07 | Ellis · wall_segment Palisade Wall x1 |
| 15:27 | Ellis · wall_segment Palisade Wall x1 |
| 15:28 | Ellis · wall_segment Palisade Wall x1 |
| 16:41 | captainscubrat · wall_segment Palisade Wall x4 |
| 16:47 | captainscubrat · wall_segment Palisade Wall x5 |
| 16:53 | Ellis · wall_segment Palisade Wall x1 |
| 16:59 | captainscubrat · wall_segment Palisade Wall x1 |
| 19:22 | Ellis · wall_segment Palisade Wall x1 |
| 19:23 | Ellis · wall_segment Palisade Wall x1 |
| 20:14 | captainscubrat · wall_segment Palisade Wall x1 |
| 22:10 | Ellis · wall_segment Palisade Wall x5 |
| 22:14 | captainscubrat · age_up castle |
| 22:18 | Ellis · wall_segment Palisade Wall x1 |
| 22:35 | captainscubrat · first_building Krepost |
| 23:06 | Ellis · wall_segment Palisade Wall x1 |
| 23:55 | Ellis · wall_segment Stone Wall x1 |
| 23:56 | Ellis · wall_segment Stone Wall x1 |
| 23:58 | Ellis · wall_segment Stone Wall x1 |
| 23:59 | Ellis · wall_segment Stone Wall x1 |
| 25:18 | Ellis · wall_segment Palisade Wall x1 |
| 25:23 | Ellis · first_market_sell 100 wood |
| 25:26 | Ellis · first_market_buy 100 food |
| 28:21 | Ellis · age_up castle |
| 29:07 | Ellis · wall_segment Stone Wall x3 |
| 29:11 | captainscubrat · first_building Monastery |
| 29:12 | Ellis · wall_segment Stone Wall x4 |
| 32:34 | Ellis · first_building Castle |
| 33:44 | Ellis · wall_segment Stone Wall x2 |
| 34:00 | Ellis · first_building Siege Workshop |
| 34:25 | captainscubrat · first_building Castle |
| 35:10 | captainscubrat · first_building Siege Workshop |
| 41:40 | captainscubrat · age_up imperial |
| 44:28 | captainscubrat · first_building Archery Range |
| 44:35 | Ellis · age_up imperial |
| 48:07 | captainscubrat · resign |
[ AI ANALYSIS · 1 CREDIT ]
What really happened in this match?
Wolo.gg analyzes every decision: build order, eco, micro, common mistakes by bracket. Personalized analysis on WhatsApp or Discord in 30 seconds.
Civ guide
Gurjaras
Perfil
Jugador #18015351